 Dungeon Crawl Stone Soup version 0.23.1-37-gaa34b87 (webtiles) character file.

Game seed: 7749979489487591004

406 Fang the Skirmisher (level 6, -1/40 HPs)
             Began as a Gargoyle Berserker on Mar 27, 2019.
             Was a Believer of Trog.
             Slain by a killer bee (2 damage)
             ... on level 5 of the Dungeon.
             The game lasted 00:03:03 (3409 turns).

Fang the Skirmisher (Gargoyle Berserker)            Turns: 3409, Time: 00:03:03

Health: -1/40      AC: 13    Str: 22    XL:     6   Next: 87%
Magic:  6/6        EV:  9    Int:  8    God:    Trog [**....]
Gold:   180        SH:  0    Dex:  9    Spells: 5/5 levels left

rFire    . . .     SeeInvis .   n - +0 war axe
rCold    . . .     Gourm    .   (no shield)
rNeg     + . .     Faith    .   l - +0 chain mail
rPois    ∞         Spirit   .   (no helmet)
rElec    +         Reflect  .   (no cloak)
rCorr    +         Harm     .   (no gloves)
MR       .....                  (no boots)
Stlth    ..........             (no amulet)
HPRegen  0.13/turn              r - ring of resist corrosion
MPRegen  0.10/turn              (no ring)

@: berserk cooldown, slowed, very slow
A: negative energy resistance 1, electricity resistance, unbreathing,
petrification resistance, rot immunity, AC +4
a: Berserk, Trog's Hand, Renounce Religion


You were on level 5 of the Dungeon.
You worshipped Trog.
Trog was pleased with you.
You were hungry.

You visited 1 branch of the dungeon, and saw 5 of its levels.

You collected 180 gold pieces.

Inventory:

Hand Weapons
 n - a +0 war axe (weapon)
Armour
 l - a +0 chain mail (worn)
Jewellery
 r - a ring of resist corrosion (left hand)
Wands
 a - a wand of acid (10)
 s - a wand of clouds (7)
Scrolls
 b - 5 scrolls of identify {unknown}
 e - 5 scrolls of teleportation {unknown}
 g - a scroll of magic mapping {unknown}
 h - a scroll of random uselessness {unknown}
 k - a scroll of remove curse {unknown}
 p - 3 scrolls of amnesia {unknown}
Potions
 d - 2 potions of brilliance {unknown}
 f - 2 potions of agility {unknown}
 i - a potion of lignification {unknown}
 j - 2 potions of curing {unknown}
 m - 2 potions of heal wounds {unknown}
 o - a potion of haste {unknown}
 q - a potion of berserk rage {unknown}
 t - a potion of cancellation {unknown}
 v - a potion of degeneration {unknown}
Comestibles
 c - 10 rations


   Skills:
 + Level 5.0 Fighting
 + Level 4.1 Axes
 + Level 4.2 Armour
 + Level 3.1 Dodging


You had 5 spell levels left.
You didn't know any spells.
Your spell library was empty.

Dungeon Overview and Level Annotations

Branches:
Dungeon (5/15)
 Temple: D:4-7

Altars:
Makhleb
Trog
Uskayaw


Innate Abilities, Weirdness & Mutations

You are resistant to torment.
Your stone body is resilient. (AC +4)
You are immune to poison.
You resist negative energy. (rN+)
You are resistant to electric shocks. (rElec)
You can survive without breathing.
You are immune to petrification.
You are immune to rotting.


Message History

You miss the killer bee.
The killer bee is almost dead.
You miss the killer bee. The killer bee stings you.
* * * LOW HITPOINT WARNING * * *
The killer bee stings you.
* * * LOW HITPOINT WARNING * * *
You miss the killer bee.
The killer bee is almost dead.
You hit the killer bee. The killer bee stings you.
* * * LOW HITPOINT WARNING * * *
The killer bee stings you.
* * * LOW HITPOINT WARNING * * *
The killer bee stings you but does no damage. x2
You feel a strong urge to attack something.
There is a stone staircase leading up here.
You are no longer berserk.
You are exhausted.
You feel yourself slow down. The killer bee barely misses you.
The killer bee stings you.
You die...

##... .....
..^... ......
#...... .....##
#.#######.......
#.....@yyY#
#######y#.#
#+#+#


You could see an ice beast and 3 killer bees.

Vanquished Creatures
  A killer bee (D:5)
  A centaur skeleton (D:4)
  A hound (D:4)
  An orc wizard (D:3)
  An iguana (D:4)
  Ijyb (D:3)
  3 worker ants (D:4)
  7 gnolls
  A howler monkey skeleton (D:4)
  2 adders
  An adder skeleton (D:4)
  2 worms
  A leopard gecko (D:3)
  3 orcs (D:3)
  2 giant cockroaches (D:3)
  5 goblins
  6 hobgoblins
  A quokka (D:4)
  A ball python (D:1)
  7 bats
  2 frilled lizards (D:3)
  A kobold (D:2)
  A quokka skeleton (D:4)
  A quokka zombie (D:3)
  3 rats
56 creatures vanquished.

Notes
Turn   | Place    | Note
-------+----------+-------------------------------------------
     0 | D:1      | Fang the Gargoyle Berserker began the quest for the Orb.
     0 | D:1      | Reached XP level 1. HP: 14/14 MP: 1/1
   157 | D:1      | Reached XP level 2. HP: 15/19 MP: 2/2
   551 | D:2      | Reached XP level 3. HP: 21/24 MP: 3/3
   734 | D:2      | Reached XP level 4. HP: 27/29 MP: 4/4
  1442 | D:3      | Reached ** piety under Trog
  1464 | D:3      | Reached skill level 4 in Fighting
  1890 | D:3      | Reached XP level 5. HP: 30/33 MP: 5/5
  2108 | D:3      | Noticed Ijyb
  2133 | D:3      | Killed Ijyb
  2572 | D:4      | Reached XP level 6. HP: 29/39 MP: 6/6
  2692 | D:4      | Found a bloodstained altar of Trog.
  2693 | D:4      | Found a burning altar of Makhleb.
  2693 | D:4      | Found a hide-covered altar of Uskayaw.
  3387 | D:5      | Entered Level 5 of the Dungeon
  3401 | D:5      | Reached skill level 5 in Fighting
  3402 | D:5      | Noticed an ice beast
  3406 | D:5      | HP: 3/60 [killer bee (2)]
  3409 | D:5      | Slain by a killer bee

Skill      XL: |  1  2  3  4  5  6 |
---------------+-------------------+-----
Axes           | 3 4 |  4.1
Dodging        | 2 3 |  3.1
Armour         | 3 4 |  4.2
Fighting       | 4 5 |  5.0

Action                   |  1- 3 |  4- 6 || total
-------------------------+-------+-------++-------
Melee: Hand axe          |    57 |    40 ||    97
       War axe           |       |   163 ||   163
Invok: Berserk           |     1 |     4 ||     5
  Eat: Chunk             |       |    12 ||    12
Armor: Animal skin       |     9 |       ||     9
       Chain mail        |    24 |   154 ||   178
Dodge: Dodged            |    44 |   128 ||   172
